[Event "SRB-chT 1st League Women 2018"]
[Site "Zajecar"]
[Date "2018.09.05"]
[Round "6"]
[White "Rakic, Teodora"]
[Black "Nestorovic, Katarina"]
[Result "1/2-1/2"]
[ECO "A48"]
[WhiteElo "2052"]
[BlackElo "1975"]
[Annotator "NA"]
[PlyCount "59"]
[EventDate "2018.08.31"]
[EventType "team-tourn"]
[EventCountry "SRB"]
[SourceTitle "playchess.com"]
[Source "ChessBase"]
[SourceQuality "1"]
[TimeControl "40/5400+30:1800+30"]

1. d4 Nf6 2. Nf3 g6 3. c4 Bg7 4. Nc3 d6 5. e4 O-O 6. h3 e5 7. d5 Na6 8. Be3 Nd7 9. g4 f5 10. gxf5 gxf5 11. exf5 Ndc5 12. Bg5 Qe8 13. Nh4 e4 14. Rg1 Kh8 15. Be3 Bxf5 16. Nxf5 Rxf5 17. Qg4 Qf7 18. O-O-O Nb4 19. Nxe4 Nxe4 20. Qxe4 Re8 21. Qg4 Rxe3 22. fxe3 Bh6 23. Kb1 Bxe3 24. a3 Bxg1 25. Qxg1 Rf2 26. Qg5 Rxf1 27. Qd8+ Kg7 28. Qg5+ Kh8 29. Qd8+ Kg7 30. Qg5+ 1/2-1/2

[Event "SRB-chT 1st League Women 2018"]
[Site "Zajecar"]
[Date "2018.09.05"]
[Round "6"]
[White "Tomin, Ksenija"]
[Black "Kovacevic, Radmila"]
[Result "1-0"]
[ECO "B59"]
[WhiteElo "2006"]
[BlackElo "2144"]
[Annotator "NA"]
[PlyCount "93"]
[EventDate "2018.08.31"]
[EventType "team-tourn"]
[EventCountry "SRB"]
[SourceTitle "playchess.com"]
[Source "ChessBase"]
[SourceQuality "1"]
[TimeControl "40/5400+30:1800+30"]

1. e4 c5 2. Nf3 d6 3. d4 cxd4 4. Nxd4 Nc6 5. Nc3 Nf6 6. Be2 e5 7. Nb3 Be7 8. O-O O-O 9. f3 Be6 10. Nd5 Bxd5 {[%emt 0:25:50] B59: Classical Sicilian: 6 Be2 e5 7 Nb3} 11. exd5 Nb4 12. c4 Qb6+ 13. Kh1 a5 14. a3 $146 ({Predecessor:} 14. Bd2 a4 15. Nc1 Na6 16. Rb1 Nc5 {0-1 (42) Valdes Rodriguez,E (1291)-Onder,E (2221) LSS email 2011}) 14... Na6 15. a4 Nb4 16. Bd2 Nh5 17. g3 f5 18. f4 Nf6 19. Bc3 Ne4 20. fxe5 dxe5 21. Bxe5 Qh6 22. Nd4 f4 23. Bxf4 g5 24. Be5 Rf2 25. h4 Raf8 26. Qc1 Bd6 27. Bxd6 Qxd6 28. Rxf2 Rxf2 29. Qe3 Nxg3+ 30. Kg1 Ne4 31. Qh3 Nc2 32. Nxc2 Rxe2 33. Nd4 Qc5 34. Qe6+ Kg7 35. Qe5+ Kg8 36. Qe6+ Kg7 37. Qe5+ Kg8 38. Rf1 Qb6 39. Qe8+ Kg7 40. Qf8+ Kg6 41. Qf7+ Kh6 42. c5 Rg2+ 43. Kxg2 $18 Qxb2+ 44. Rf2 Qxd4 45. hxg5+ Kxg5 46. Rf5+ Kg4 47. Qh5# 1-0

[Event "SRB-chT 1st League Women 2018"]
[Site "Zajecar"]
[Date "2018.09.05"]
[Round "6"]
[White "Milanovic, Maja"]
[Black "Stanimirovic, Marija"]
[Result "1/2-1/2"]
[ECO "B90"]
[WhiteElo "1940"]
[BlackElo "1901"]
[Annotator "NA RC"]
[PlyCount "105"]
[EventDate "2018.08.31"]
[EventType "team-tourn"]
[EventCountry "SRB"]
[SourceTitle "playchess.com"]
[Source "ChessBase"]
[SourceQuality "1"]
[TimeControl "40/5400+30:1800+30"]

1. e4 c5 2. Nf3 d6 3. d4 cxd4 4. Nxd4 Nf6 5. Nc3 a6 6. h3 e5 7. Nde2 Be7 8. Bg5 {[%emt 0:04:55] B90: Sicilian Najdorf: Unusual White 6th moves, 6 Be3 Ng4 and 6 Be3 e5} (8. g4 O-O 9. Be3 Nbd7 10. Ng3 b5 11. g5 Ne8 12. h4 Bb7 13. Nd5 Bxd5 14. Qxd5 Nc7 15. Qd2 Ne6 {1-0 (42) Swiercz,D (2629)-Kempinski,R (2647) Poland 2015}) 8... O-O $146 ({Predecessor:} 8... Nbd7 9. Ng3 Nf8 10. Bc4 Be6 11. Bxf6 Bxf6 12. Bd5 Qd7 13. Qf3 Rg8 14. O-O Ng6 15. Nf5 Bxf5 16. Qxf5 {1-0 (48) Vibbert,S (2240)-Kong,D (2051) Los Angeles 2012}) 9. Bxf6 Bxf6 10. Nd5 Bg5 11. Nec3 Bh6 12. g4 Bg5 13. Qf3 Nc6 14. Bd3 Nd4 15. Qg2 b5 16. Ne2 Nxe2 17. Kxe2 Bb7 18. Ne3 Bxe3 19. fxe3 Qe7 20. Raf1 b4 21. g5 a5 22. h4 Ba6 23. Bxa6 Rxa6 24. h5 Rc6 25. Kd2 Qc7 26. Kd1 Rc8 27. Rf2 Qa7 28. Qf3 a4 29. g6 h6 30. gxf7+ Kf8 31. Rd2 b3 32. axb3 axb3 33. c3 Ra6 34. Ke2 Qxf7 35. Qxf7+ Kxf7 36. Rf1+ Ke7 37. Kd3 Rf8 38. Rg1 Rf7 39. Rdg2 Kf8 40. c4 Ra4 41. Rc1 Rc7 42. Rg6 Ra2 43. Kc3 Ra6 44. Kxb3 Rb6+ 45. Kc3 Rcb7 46. Rc2 (46. Kd3 $16) 46... Rb3+ 47. Kd2 Rxb2 $2 (47... R7b6 $11) 48. Rxd6 Rb1 49. Rd5 R7b3 50. Rxe5 (50. c5 $18 Rh1 51. c6 (51. Rxe5 Rh2+ 52. Kc1 Rh1+ 53. Kd2 Rh2+ 54. Kc1 Rh1+ 55. Kd2 $11) 51... Rh2+ 52. Kc1 Rh1+ 53. Rd1 Rxd1+ 54. Kxd1) 50... Rh1 51. Rf5+ Ke7 52. Rf2 Rxh5 53. c5 $11 1/2-1/2

[Event "SRB-chT 1st League Women 2018"]
[Site "Zajecar"]
[Date "2018.09.06"]
[Round "7"]
[White "Doluhanova, Evgeniya"]
[Black "Ambartsumova, Karina"]
[Result "1/2-1/2"]
[ECO "C47"]
[WhiteElo "2321"]
[BlackElo "2386"]
[Annotator "NA"]
[PlyCount "24"]
[EventDate "2018.08.31"]
[EventType "team-tourn"]
[EventCountry "SRB"]
[SourceTitle "playchess.com"]
[Source "ChessBase"]
[SourceQuality "1"]
[TimeControl "40/5400+30:1800+30"]

1. e4 e5 2. Nf3 Nc6 3. Nc3 Nf6 4. d4 exd4 5. Nxd4 Bb4 6. Nxc6 bxc6 7. Bd3 d5 8. exd5 cxd5 9. O-O O-O 10. h3 c6 11. Qf3 Bd6 12. Bg5 Rb8 1/2-1/2

[Event "SRB-chT 1st League Women 2018"]
[Site "Zajecar"]
[Date "2018.09.06"]
[Round "7"]
[White "Voiska, Margarita"]
[Black "Srdanovic, Jovana"]
[Result "1-0"]
[ECO "B10"]
[WhiteElo "2241"]
[BlackElo "2149"]
[Annotator "NA"]
[PlyCount "95"]
[EventDate "2018.08.31"]
[EventType "team-tourn"]
[EventCountry "SRB"]
[SourceTitle "playchess.com"]
[Source "ChessBase"]
[SourceQuality "1"]
[TimeControl "40/5400+30:1800+30"]

1. c4 c6 2. e4 d5 3. exd5 cxd5 4. cxd5 Nf6 5. Nc3 Nxd5 6. Nf3 e6 7. d4 Nc6 8. Bb5 Bb4 9. Bd2 O-O {[%emt 0:02:32] B14: Caro-Kann: Panov-Botvinnik Attack with 5...e6 and 5...g6} 10. O-O Be7 11. Qe2 $146 ({Predecessor:} 11. Re1 Bf6 12. Bxc6 bxc6 13. Ne4 Qb6 14. Nxf6+ Nxf6 15. Qc2 a5 16. Rac1 Bb7 17. Qc5 {1-0 (42) Tari,A (2599)-Dudukin,I (2396) chess.com INT 2018}) 11... a6 12. Bxc6 bxc6 13. Na4 a5 14. Rfc1 Ba6 15. Qe4 Bb5 16. Nc5 a4 17. a3 Nf6 18. Qc2 Qd5 19. Bb4 Rfe8 20. Re1 Bd6 21. Rad1 Bc7 22. Ne5 Red8 23. h3 Bb6 24. Nb7 Rdb8 25. Nd6 Ra7 26. Nxb5 cxb5 27. Nc6 Rc7 28. Ne7+ Rxe7 29. Bxe7 Bxd4 30. Bb4 e5 31. Qc7 Rd8 32. Bc3 Ne8 33. Qe7 Nf6 34. Bxd4 exd4 35. Rd3 h6 36. Red1 Re8 37. Qb4 Qf5 38. Qxd4 Re4 39. Qd8+ Re8 40. Qd4 Re4 41. Qd8+ Re8 42. Rf3 $18 Qc2 43. Qd2 Qc5 44. Re3 Rf8 45. Rd3 Kh7 46. Rc3 Qh5 47. Qc2+ Kg8 48. Rc5 1-0

[Event "SRB-chT 1st League Women 2018"]
[Site "Zajecar"]
[Date "2018.09.06"]
[Round "7"]
[White "Sakotic, Ana"]
[Black "Vuckovic, Jovana"]
[Result "*"]
[ECO "B28"]
[WhiteElo "1706"]
[BlackElo "1992"]
[Annotator "NA"]
[PlyCount "47"]
[EventDate "2018.08.31"]
[EventType "team-tourn"]
[EventCountry "SRB"]
[SourceTitle "playchess.com"]
[Source "ChessBase"]
[SourceQuality "1"]
[TimeControl "40/5400+30:1800+30"]

1. e4 c5 2. Nf3 a6 3. c3 d5 4. exd5 Qxd5 5. Be2 Nf6 6. h3 Nc6 7. O-O e6 8. Na3 Be7 9. Nc2 O-O 10. d4 cxd4 11. Ncxd4 Nxd4 12. Nxd4 e5 13. Nf3 Qa5 14. Qc2 Qc7 15. Bg5 Re8 16. Rfe1 h6 17. Bh4 Nd7 18. Bxe7 Rxe7 19. Bd3 $11 Nc5 20. Rad1 Bd7 21. Qd2 Bc6 22. Be2 Ne4 23. Qc2 f5 24. Nh4 *

[Event "SRB-chT 1st League Women 2018"]
[Site "Zajecar"]
[Date "2018.09.07"]
[Round "8"]
[White "Bojkovic, Natasa"]
[Black "Badelka, Olga"]
[Result "0-1"]
[ECO "B24"]
[WhiteElo "2384"]
[BlackElo "2404"]
[Annotator "NA"]
[PlyCount "72"]
[EventDate "2018.08.31"]
[EventType "team-tourn"]
[EventCountry "SRB"]
[SourceTitle "playchess.com"]
[Source "ChessBase"]
[SourceQuality "1"]
[TimeControl "40/5400+30:1800+30"]

1. e4 c5 2. Nc3 Nc6 3. Bb5 Nd4 4. Nf3 e6 {[%emt 0:00:16] LiveBook: 526 Games} 5. O-O a6 6. Bd3 Nxf3+ 7. Qxf3 d6 {[%emt 0:00:04] B30: Sicilian: 2...Nc6 3 Bb5, lines without ...g6} 8. b3 Nf6 9. Qg3 g6 10. Bb2 Bg7 11. a4 $146 ({Predecessor:} 11. Rae1 O-O 12. a4 d5 13. exd5 Nxd5 14. Nd1 Bd7 15. Bxg7 Kxg7 {½-½ (52) Movsesian,S (2630)-Sermek,D (2575) Pula 1997}) 11... O-O 12. a5 e5 13. Bc4 Be6 14. Qd3 Nh5 15. Ne2 Bxc4 16. bxc4 b5 17. axb6 Qxb6 18. Bc3 f5 19. exf5 gxf5 20. Qh3 Nf6 21. Qxf5 Rae8 22. Qd3 Qc6 23. Ng3 Re6 24. Nf5 Nh5 25. Qd5 $16 Qe8 26. Nxg7 Kxg7 27. g3 Qg6 28. Kh1 Ref6 29. Rxa6 Qh6 30. Rb1 Rxf2 31. Kg1 Nf6 32. Qb7+ Rf7 33. Qxf7+ Kxf7 34. Kxf2 Qxh2+ 35. Kf3 e4+ 36. Kf4 Qf2+ 0-1

[Event "SRB-chT 1st League Women 2018"]
[Site "Zajecar"]
[Date "2018.09.07"]
[Round "8"]
[White "Chelushkina, Irina"]
[Black "Matkovic, Simana"]
[Result "*"]
[ECO "A00"]
[WhiteElo "2280"]
[BlackElo "1937"]
[Annotator "NA"]
[PlyCount "53"]
[EventDate "2018.08.31"]
[EventType "team-tourn"]
[EventCountry "SRB"]
[SourceTitle "playchess.com"]
[Source "ChessBase"]
[SourceQuality "1"]
[TimeControl "40/5400+30:1800+30"]

1. g3 d5 2. Bg2 Bf5 3. c4 e6 4. cxd5 exd5 5. Qb3 Nf6 6. Qxb7 Nbd7 7. d4 c5 8. Nc3 Nb6 {[%emt 0:12:01] [#]} 9. Nb5 $1 Rb8 (9... Rc8 $16) 10. Qxa7 Na8 11. a4 c4 12. Bd2 $18 Be7 13. Nf3 Ne4 14. Ne5 Qc8 15. Bxe4 Bxe4 16. f3 Bf5 17. Nc6 Rb7 18. Nxe7 Kxe7 19. Qa6 Rb6 20. Qa7+ Kf6 21. e4 dxe4 22. fxe4 Re8 23. O-O Rxe4 24. Rxf5+ Kxf5 25. Qxf7+ Kg4 26. Rf1 Rf6 27. Qxg7+ *

[Event "SRB-chT 1st League Women 2018"]
[Site "Zajecar"]
[Date "2018.09.07"]
[Round "8"]
[White "Injac, Teodora"]
[Black "Petrovic, Marija"]
[Result "1-0"]
[ECO "E94"]
[WhiteElo "2241"]
[BlackElo "2098"]
[Annotator "NA"]
[PlyCount "131"]
[EventDate "2018.08.31"]
[EventType "team-tourn"]
[EventCountry "SRB"]
[SourceTitle "playchess.com"]
[Source "ChessBase"]
[SourceQuality "1"]
[TimeControl "40/5400+30:1800+30"]

1. d4 d6 2. Nf3 g6 3. c4 Bg7 4. Nc3 Nd7 5. e4 e5 {[%emt 0:00:12] LiveBook: 1354 Games} 6. Be2 Ngf6 7. O-O O-O 8. Qc2 Re8 9. Rd1 c6 10. d5 c5 11. a3 Nf8 $146 {[%emt 0:01:22] E94: King's Indian: Classical: 6 Be2 e5 7 0-0: Various Black 7th moves} ({Predecessor:} 11... Nh5 12. g3 Bf8 13. Ne1 Ng7 14. b4 b6 15. Rb1 Be7 16. bxc5 bxc5 17. Ng2 f5 18. f3 Rf8 19. Qa4 {1-0 (50) Zakharov,A (2295)-Chernobay,A (2511) Sochi 2015}) 12. Ne1 h6 13. b4 b6 14. Rb1 g5 15. bxc5 bxc5 16. Qa4 a5 17. f3 Ng6 18. Nd3 Bd7 19. Qc2 Nf4 20. Nxf4 (20. Bf1 $16) 20... exf4 21. Nb5 Bxb5 22. Rxb5 Nd7 23. Bb2 Ne5 24. Rb1 Ra7 25. Bc3 Bf6 26. Qd2 Qd7 27. Qb2 Kg7 28. Kh1 Rea8 29. Rb6 Qc7 30. Rb7 Rxb7 31. Qxb7 Ra7 32. Qxc7 Rxc7 33. Rb5 Ra7 34. g3 Nd7 35. Bd2 Be5 36. Kg2 Kf6 37. a4 h5 38. Rxa5 Rb7 39. Rb5 Ra7 40. a5 Kg6 41. Bd1 h4 42. gxh4 gxh4 43. Ba4 f5 44. exf5+ Kxf5 45. Rb1 Bd4 46. Bxd7+ Rxd7 47. a6 Ra7 (47... h3+ $142 48. Kf1 Ra7) 48. Rb6 Ke5 49. Ba5 h3+ (49... Be3 $142 50. Rc6 Ra8 51. Bc3+ Bd4) 50. Kxh3 Rh7+ 51. Kg2 Rg7+ 52. Kf1 Rg1+ 53. Ke2 Ra1 54. Rb5 Ra2+ 55. Kf1 $2 Ra1+ $1 56. Kg2 Ra2+ 57. Kf1 Ra1+ 58. Ke2 Ra2+ 59. Kd1 $18 Ra1+ $18 60. Kc2 Ra2+ 61. Kb3 Rf2 62. a7 Rxf3+ 63. Ka4 Rf1 64. a8=Q Ra1+ 65. Kb3 f3 66. Qe8+ {[%emt 0:00:37] Kxd5} 1-0

[Event "SRB-chT 1st League Women 2018"]
[Site "Zajecar"]
[Date "2018.09.07"]
[Round "8"]
[White "Prudnikova, Svetlana"]
[Black "Velikic, Adela"]
[Result "*"]
[WhiteElo "2229"]
[BlackElo "2339"]
[Annotator "NA"]
[PlyCount "82"]
[EventDate "2018.08.31"]
[EventType "team-tourn"]
[EventCountry "SRB"]
[SourceTitle "playchess.com"]
[Source "ChessBase"]
[SourceQuality "1"]
[TimeControl "40/5400+30:1800+30"]

1. Nf3 d5 2. d4 Nf6 3. c4 c6 4. Qc2 dxc4 5. Qxc4 {[%emt 0:00:36] LiveBook: 3054 Games} Bf5 6. g3 e6 7. Bg2 Nbd7 8. O-O Be7 9. Qb3 Qb6 10. Nc3 {[%emt 0:03:03] D23: Queen's Gambit Accepted: 3 Nf3 Nf6 sidelines} (10. Nbd2 Qxb3 11. Nxb3 Be4 12. Rd1 h6 13. Ne1 Bxg2 14. Kxg2 O-O-O 15. Bd2 Bd6 16. f3 Bc7 17. Nd3 g5 {½-½ (31) Babic,D (2463)-Johnson,B (2463) ICCF email 2016}) 10... Ne4 11. Qxb6 axb6 12. Nd2 Nxc3 13. bxc3 b5 $146 ({Predecessor:} 13... Bc2 14. e4 e5 15. Bh3 exd4 16. cxd4 {½-½ (39) Volkov,D (2174)-Rikkinen,S Vladimir 2004}) 14. e4 Bg6 15. c4 bxc4 16. Nxc4 Ra4 17. Ne3 Rxd4 18. Bb2 Ra4 19. Bxg7 Rg8 20. Bc3 $17 Bxe4 21. Bxe4 Rxe4 22. a4 Bc5 23. Rfb1 b6 24. a5 b5 25. a6 Ke7 26. a7 Ra8 27. Ra6 Rxa7 28. Rxc6 b4 29. Rxc5 Nxc5 30. Bxb4 Rc7 31. Kg2 Kd7 32. Kf3 Rd4 33. Bc3 Ra4 34. Be5 Rc6 35. Ng4 f5 36. Nf6+ Ke7 37. Nxh7 Nd7 38. Rb7 Kd8 39. Bb2 Kc8 40. Rb3 Ra2 41. Nf6 Rxb2 *

[Event "SRB-chT 1st League Women 2018"]
[Site "Zajecar"]
[Date "2018.09.07"]
[Round "8"]
[White "Urosevic, Marija"]
[Black "Eric, Jovana"]
[Result "1/2-1/2"]
[ECO "A41"]
[WhiteElo "2064"]
[BlackElo "2261"]
[Annotator "NA"]
[PlyCount "40"]
[EventDate "2018.08.31"]
[EventType "team-tourn"]
[EventCountry "SRB"]
[SourceTitle "playchess.com"]
[Source "ChessBase"]
[SourceQuality "1"]
[TimeControl "40/5400+30:1800+30"]

1. d4 d6 2. c4 e5 3. d5 f5 4. e4 fxe4 5. Nc3 Nf6 6. h3 Bf5 7. Be3 Be7 8. Nge2 O-O 9. g4 Bg6 10. Ng3 Na6 11. h4 Nc5 12. h5 Be8 13. g5 Nfd7 14. Ncxe4 Nxe4 15. Nxe4 Nc5 16. Nxc5 dxc5 17. Qd2 Qd6 $16 18. Bd3 e4 19. Bc2 Qe5 20. O-O-O g6 1/2-1/2

[Event "SRB-chT 1st League Women 2018"]
[Site "Zajecar"]
[Date "2018.09.07"]
[Round "8"]
[White "Dimitrijevic, Andjela"]
[Black "Benderac, Ana"]
[Result "0-1"]
[ECO "B06"]
[WhiteElo "1736"]
[BlackElo "2239"]
[Annotator "NA"]
[PlyCount "82"]
[EventDate "2018.08.31"]
[EventType "team-tourn"]
[EventCountry "SRB"]
[SourceTitle "playchess.com"]
[Source "ChessBase"]
[SourceQuality "1"]
[TimeControl "40/5400+30:1800+30"]

1. e4 d6 2. d4 g6 3. Nc3 Bg7 4. h3 c6 5. a4 Nd7 6. Nf3 Qc7 7. Be2 Ngf6 8. Be3 O-O 9. O-O e5 10. dxe5 dxe5 11. Qb1 Re8 12. Qa2 Nf8 13. Bc4 Ne6 14. Ng5 Nxg5 15. Bxg5 h6 16. Be3 Nh5 17. Rfd1 Bf8 18. Rd2 Nf4 19. Rad1 Ne6 20. Ne2 Kg7 21. c3 a5 22. Ng3 h5 23. Ne2 Nc5 24. f3 Qe7 25. Nc1 Ne6 26. Nd3 f6 27. Kh1 g5 28. Nf2 Nf4 29. Nd3 Ne6 30. g4 h4 31. Kg2 Qc7 32. Kh1 b6 33. Kh2 Rb8 34. Bb3 Bd6 35. Qa1 Nd4 36. Bxd4 exd4+ 37. Kh1 dxc3 38. bxc3 Be7 39. Qa2 Qg3 40. Ne1 Qxh3+ 41. Rh2 Qf1# 0-1

[Event "SRB-chT 1st League Women 2018"]
[Site "Zajecar"]
[Date "2018.09.08"]
[Round "9"]
[White "Velikic, Adela"]
[Black "Manakova, Maria"]
[Result "1/2-1/2"]
[ECO "C00"]
[WhiteElo "2339"]
[BlackElo "2242"]
[Annotator "NA"]
[PlyCount "72"]
[EventDate "2018.08.31"]
[EventType "team-tourn"]
[EventCountry "SRB"]
[SourceTitle "playchess.com"]
[Source "ChessBase"]
[SourceQuality "1"]
[TimeControl "40/5400+30:1800+30"]

1. e4 e6 2. d3 c5 3. Nf3 Nc6 4. g3 g6 5. Bg2 Bg7 6. O-O Nge7 7. Re1 d6 8. c3 O-O 9. Be3 h6 {[%emt 0:02:16] A04: Unusual lines after 1 Nf3 and King's Indian Attack} 10. d4 cxd4 11. Nxd4 Ne5 12. Na3 d5 $146 ({Predecessor:} 12... a6 13. Qe2 Nd7 14. Rad1 Qc7 15. c4 Kh7 16. Rc1 Rb8 {½-½ (59) Dueball,J (2445)-Dubeck,M Germany 1980}) 13. f4 N5c6 14. Nxc6 bxc6 15. Bc5 Rb8 16. Rb1 Rb7 17. Qa4 Bd7 18. Kh1 Re8 19. Bf1 e5 20. Ba6 Rb8 21. fxe5 Bxe5 22. exd5 (22. Bf1 $11) 22... cxd5 23. Qh4 Nf5 (23... g5 $17 24. Qxh6 Nf5) 24. Qxd8 $11 Rbxd8 25. Bb7 d4 26. Nc4 Bf6 27. g4 Nh4 28. Rxe8+ Rxe8 29. Rf1 Bxg4 30. Nd6 Re2 31. h3 d3 32. Ne4 Be5 33. hxg4 Rh2+ 34. Kg1 Rg2+ 35. Kh1 Rh2+ 36. Kg1 Rg2+ 1/2-1/2

[Event "SRB-chT 1st League Women 2018"]
[Site "Zajecar"]
[Date "2018.09.08"]
[Round "9"]
[White "Voiska, Margarita"]
[Black "Ambartsumova, Karina"]
[Result "1-0"]
[ECO "B20"]
[WhiteElo "2241"]
[BlackElo "2386"]
[Annotator "ChessBase"]
[PlyCount "67"]
[EventDate "2018.08.31"]
[EventType "team-tourn"]
[EventCountry "SRB"]
[SourceTitle "playchess.com"]
[Source "ChessBase"]
[SourceQuality "1"]
[TimeControl "40/5400+30:1800+30"]

1. e4 c5 2. c4 Nc6 3. Nc3 g6 4. g3 Bg7 5. Bg2 e6 6. d3 Nge7 7. Nge2 O-O 8. O-O d6 9. a3 a5 10. Rb1 Nd4 11. Nxd4 cxd4 12. Nb5 Bd7 13. Nxd6 Qb6 14. e5 Bxe5 15. Ne4 f5 16. Nd2 Bg7 17. f4 Nc6 18. b4 axb4 19. axb4 Qc7 20. b5 Nd8 21. Nf3 Nf7 22. Bb2 Qd6 23. Ra1 Rfe8 24. Re1 Rad8 25. Qb3 Bc8 26. Ba3 Qc7 27. c5 Kh8 28. Bb4 b6 29. cxb6 Qb8 30. Nd2 Qxb6 31. Ba5 Qb8 32. Bxd8 Nxd8 33. Ra8 Qc7 34. b6 1-0

[Event "SRB-chT 1st League Women 2018"]
[Site "Zajecar"]
[Date "2018.09.08"]
[Round "9"]
[White "Benderac, Ana"]
[Black "Rakic, Teodora"]
[Result "1-0"]
[ECO "B06"]
[WhiteElo "2239"]
[BlackElo "2052"]
[Annotator "ChessBase"]
[PlyCount "65"]
[EventDate "2018.08.31"]
[EventType "team-tourn"]
[EventCountry "SRB"]
[SourceTitle "playchess.com"]
[Source "ChessBase"]
[SourceQuality "1"]
[TimeControl "40/5400+30:1800+30"]

1. e4 g6 2. d4 Bg7 3. Nc3 d6 4. Be3 a6 5. Qd2 b5 6. O-O-O Nd7 7. f3 Bb7 8. g4 Nb6 9. Nh3 c6 10. Nf4 Nc4 11. Bxc4 bxc4 12. Nb1 a5 13. g5 h5 14. d5 c5 15. c3 Qb6 16. Na3 Ba6 17. Rhf1 Rb8 18. Rf2 Kd7 19. Qc2 Kc7 20. Ng2 Kb7 21. Qa4 Ka7 22. Nxc4 Bxc4 23. Qxc4 Qb7 24. f4 Qd7 25. Ne1 e6 26. dxe6 Qxe6 27. Qxe6 fxe6 28. Rxd6 Rb7 29. Bxc5+ Kb8 30. Rxe6 Kc8 31. Rd2 Rc7 32. Ba3 Kb7 33. Kc2 1-0

[Event "SRB-chT 1st League Women 2018"]
[Site "Zajecar"]
[Date "2018.09.09"]
[Round "10"]
[White "Kovacevic, Radmila"]
[Black "Salimova, Nurgyul"]
[Result "0-1"]
[ECO "C22"]
[WhiteElo "2144"]
[BlackElo "2352"]
[Annotator "ChessBase"]
[PlyCount "109"]
[EventDate "2018.08.31"]
[EventType "team-tourn"]
[EventCountry "SRB"]
[SourceTitle "playchess.com"]
[Source "ChessBase"]
[SourceQuality "1"]
[TimeControl "40/5400+30:1800+30"]

1. e4 e5 2. d4 exd4 3. Qxd4 Nc6 4. Qe3 Nf6 5. Bd2 Bb4 6. c3 Be7 7. c4 O-O 8. Nc3 Ng4 9. Qe2 d5 10. Nxd5 Bc5 11. Be3 Nxe3 12. fxe3 Qh4+ 13. g3 Qxe4 14. Bg2 Qg6 15. Nf3 Nb4 16. Nh4 Qd6 17. O-O Nxd5 18. Bxd5 c6 19. Be4 g6 20. Kh1 Be6 21. Bd3 Rad8 22. Rad1 Qe5 23. Ng2 h5 24. Qc2 Bg4 25. Rb1 Kg7 26. b4 Be7 27. Rf4 Rd7 28. Rbf1 Bg5 29. Re4 Qd6 30. Rd4 Qxb4 31. Rxd7 Bxd7 32. Rb1 Qd6 33. Rxb7 Bc8 34. c5 Qd5 35. Rxa7 Rd8 36. h4 Bxe3 37. Kh2 Qxd3 38. Qxd3 Rxd3 39. Rc7 Be6 40. Nxe3 Rxe3 41. Rxc6 Re2+ 42. Kg1 Rxa2 43. Rd6 Rc2 44. c6 Kf6 45. Rd3 Rxc6 46. Kf2 Rc2+ 47. Ke3 g5 48. hxg5+ Kxg5 49. Rd8 Bg4 50. Rg8+ Kf5 51. Ra8 Re2+ 52. Kd3 Rg2 53. Ra5+ Kg6 54. Ra6+ f6 55. Kd4 0-1

[Event "SRB-chT 1st League Women 2018"]
[Site "Zajecar"]
[Date "2018.09.09"]
[Round "10"]
[White "Matkovic, Simana"]
[Black "Miladinovic, Lena"]
[Result "1-0"]
[ECO "A45"]
[WhiteElo "1937"]
[BlackElo "2098"]
[Annotator "NA"]
[PlyCount "147"]
[EventDate "2018.08.31"]
[EventType "team-tourn"]
[EventCountry "SRB"]
[SourceTitle "playchess.com"]
[Source "ChessBase"]
[SourceQuality "1"]
[TimeControl "40/5400+30:1800+30"]

1. d4 Nf6 2. Bf4 c5 3. e3 cxd4 {[%emt 0:00:07] A45: Trompowsky Attack} (3... e6 4. Nd2 d5 5. Ngf3 Nc6 6. c3 Be7 7. h3 Bd6 8. dxc5 Bxc5 9. Bd3 O-O 10. O-O Bd6 11. Bxd6 Qxd6 12. e4 Rd8 13. Bc2 dxe4 14. Nxe4 Qe7 15. Qe2 {1-0 (67) So,W (2778)-Caruana,F (2816) Paris 2018}) 4. exd4 Qb6 {[%emt 0:00:11] LiveBook: 15 Games} 5. Nc3 Nc6 (5... a6 6. Rb1 d5 7. Bd3 Nc6 8. Nf3 Bg4 9. Be2 e6 10. Be3 Qa5 11. O-O {0-1 (55) Matkovic,S (1884)-Miladinovic,L (2186) Kragujevac 2015}) 6. d5 e5 $146 ({Predecessor:} 6... Nb4 7. a3 Na6 8. Rb1 d6 9. Nf3 g6 10. Bb5+ Bd7 11. Bxd7+ Nxd7 {0-1 (65) Palchun,G (2441)-Dzhumagaliev,Y (2400) Sochi 2017}) 7. dxe6 dxe6 8. Qd2 Bb4 9. Bd3 O-O 10. Nge2 e5 11. Be3 Qa5 12. O-O e4 13. Bc4 Ne5 14. Bb3 Bh3 15. a3 Be7 16. Nxe4 (16. Nd5 $18 {ist der präzise Gewinnweg.} Qd8 17. Nxf6+ Bxf6 18. Qxd8 Rfxd8 19. gxh3) 16... Nf3+ 17. gxf3 Qf5 18. Nd4 Qg6+ 19. Ng3 h5 20. c3 Ne8 21. Qc2 Qxc2 22. Bxc2 Bxf1 23. Rxf1 g6 24. Re1 Bf6 25. Ne4 Be5 26. f4 Bg7 27. f5 gxf5 28. Nxf5 Kh8 29. Kh1 Be5 30. f4 Bg7 31. Rg1 f6 32. Bb3 b6 33. Bd4 Rd8 34. Neg3 h4 35. Nxh4 Kh7 36. Nhf5 Rd7 37. Nh5 Kh8 38. Rg3 Kh7 39. Nhxg7 Nxg7 40. Nxg7 Rxg7 41. Rxg7+ Kxg7 42. f5 Rh8 43. Kg2 Rh4 44. Bd5 Rf4 45. Be6 Re4 46. Kf2 Rh4 47. Ke3 Rxh2 48. c4 Rh4 49. Kd3 Rg4 50. Bc3 Rg1 51. Kc2 Rg3 52. Kb3 Kf8 53. Kb4 Ke7 54. Kb5 Kd6 55. Bxf6 Rb3+ 56. Ka6 Kc6 57. Bd5+ Kd6 58. Bc3 b5 59. Bb4+ Ke5 60. Be6 (60. f6 $142 Kxf6 61. Bc3+ Ke7 62. cxb5 Rxb5 63. Kxb5 Kd6 64. Bg2 Ke6 65. Ka6) 60... bxc4 61. Bxc4 (61. Bc3+ $142 Kd6 62. Kxa7 Kc6 63. f6 Kc7 64. f7 Rb7+ 65. Ka6 Rb6+ 66. Ka5) 61... Rh3 62. Be6 Rh7 63. Bc3+ Kd6 64. b3 (64. Bb3 $142 Ke7 65. f6+ Kf8 66. Bb4+ Ke8 67. f7+ Rxf7 68. Bxf7+ Kxf7 69. Kxa7) 64... Rc7 65. Bd4 Re7 66. Bxa7 Kc6 67. b4 Rh7 68. b5+ Kd6 69. Kb6 Rh4 70. Bb8+ Ke7 71. Ka5 Rh8 $18 72. Be5 Ra8+ 73. Kb4 Rd8 74. b6 1-0